Map: Alcyone LE

Players

A.I. 1 (Very Easy) - Winner!

  • Race: Zerg Zerg
  • Spawn Location: 7:00

Phreek

  • Race: Zerg Zerg
  • Spawn Location: 1:00

VOD

Have the link to the VOD?

Description

Time

  • Played on: May 12, 2024, 6:51 p.m.
  • Length: 4:53
Show
View Real Time Build Order
Export as new Build Order

A.I. 1 (Very Easy) Zerg - Winner!

Build Orders: Pool Only 

Get SALT Encoding   

  6  0:00  Drone  
  13  0:12  Overlord  
  13  0:16  Drone  
  14  0:35  Spawning Pool  
  13  0:36  Extractor  
  13  0:39  Drone  
  13  0:46  Drone  
  14  0:51  Overlord  
  14  1:22  Queen, Zergling x2  
  17  1:29  Roach Warren  
  17  1:31  Extractor  
  15  1:34  Drone  
  16  1:40  Zergling x2  
  16  1:41  Drone  
  18  1:56  Drone  
  18  1:58  Zergling x2  
  20  2:06  Drone  
  21  2:17  Drone  
  22  2:29  Overlord, Drone  
  23  2:36  Drone  
  24  2:43  Drone  
Show
View Real Time Build Order
Export as new Build Order

Phreek Zerg 

Build Orders: Pool First 

Get SALT Encoding   

  6  0:01  Drone  
  13  0:12  Overlord  
  13  0:16  Drone  
  14  0:30  Drone x2  
  16  0:36  Drone  
  17  0:46  Drone  
  18  0:50  Extractor  
  17  0:57  Drone  
  18  1:05  Spawning Pool  
  17  1:17  Hatchery  
  16  1:22  Drone x2  
  18  1:28  Drone  
  19  1:39  Drone  
  20  1:51  Overlord  
  20  1:57  Queen  
  22  2:07  Overlord  
  22  2:17  Overlord  
  22  2:30  Queen  
  22  2:33  Queen  
  26  2:53  Metabolic Boost  
  26  2:57  Zergling x12  
  32  3:06  Queen  
  32  3:08  Queen  
  36  3:23  Zergling x10  
  41  3:48  Zergling x8  
  45  4:10  Zergling x2  
  45  4:11  Zergling x10  
  51  4:23  Zergling x2  
  52  4:24  Overlord  
  52  4:25  Overlord x4  
  52  4:31  Overlord  
Tags
 
Matchup
ZvZ
Race
Zerg
Spawn Locations
Cross Positions
Add a new tag
Caveats
  • Supply blocks, unpowered buildings, or Contaminate may cause inaccurate times.
  • Supply counts are checked every 10 seconds.